 Dungeon Sprint DCSS version 0.27.1-1-g398f81649c (webtiles) character file.

Game seed: 17857080273395974572

330 styxcanada the Unseen (level 6, -8/36 HPs)
             Began as a Spriggan Brigand on Sept 5, 2021.
             Was an Initiate of Gozag.
             Mangled by a sun demon (16 damage)
             ... summoned by a kobold demonologist
             ... in the Dungeon (Sprint III: "The Ten Rune Challenge").
             The game lasted 00:02:42 (368 turns).

styxcanada the Unseen (Spriggan Brigand)             Turns: 368, Time: 00:02:45

Health: -8/36      AC: -5    Str:  7    XL:     6   Next: 26%
Magic:  6/7        EV: 21    Int: 12    God:    Gozag
Gold:   14         SH:  0    Dex: 19    Spells: 6/6 levels left

rFire    . . .     SeeInvis +   a - +2 dagger
rCold    . . .     Faith    .   (shield restricted)
rNeg     . . .     Spirit   .   b - +0 robe
rPois    .         Reflect  .   (helmet restricted)
rElec    .         Harm     .   c - +0 cloak
rCorr    .         Rampage  .   (gloves unavailable)
Will     +....     NoTele   +   (boots unavailable)
Stlth    +++++++...             (no amulet)
HPRegen  0.12/turn              (no ring)
MPRegen  0.10/turn              (no ring)

@: corroded, gold aura, very quick
A: very small, no large weapons, unfitting armour, see invisible, speed 3, low
mp 1, robust 1, sturdy frame 1
a: Renounce Religion, Potion Petition, Call Merchant, Bribe Branch


You were in the Dungeon.
You worshipped Gozag.
Gozag was noncommittal.
You visited 1 branch You collected 14 gold pieces.

Inventory:

Hand Weapons
 a - a +2 dagger (weapon)
 m - a +3 quarterstaff of chaos
Missiles
 d - 2 poisoned darts (quivered)
 e - 2 curare-tipped darts
Armour
 b - a +0 robe (worn)
 c - a +0 cloak (worn)
Scrolls
 k - a scroll of blinking
 l - a scroll of magic mapping {unknown}
 o - a scroll of holy word {unknown}
 p - 3 scrolls of identify
 r - a scroll of immolation {unknown}
Potions
 f - a potion of curing
 g - a potion of heal wounds
 h - a potion of haste
 i - 3 potions of magic
 j - a potion of berserk rage
 n - 2 potions of mutation
 q - 4 potions of flight


   Skills:
 * Level 3.9 Fighting
 + Level 3.2 Short Blades
 + Level 4.0 Throwing
 * Level 6.0 Dodging
 * Level 16.4 Stealth
 * Level 0.7 Spellcasting


You had 6 spell levels left.
You didn't know any spells.
Your spell library was empty.

Dungeon Overview and Level Annotations

Branches:
Dungeon (1/1)

Altars:
Cheibriados
Fedhas
Gozag
Hepliaklqana
Kikubaaqudgha
Makhleb
Nemelex Xobeh
Qazlal
Sif Muna
Vehumet
Xom
Jiyva
Lugonu


Innate Abilities, Weirdness & Mutations

You are very small and have problems with some larger weapons.
You are too small for most types of armour.
You have supernaturally acute eyesight. (SInv)
You cover ground extremely quickly. (Speed+++)
Your magical capacity is low. (-10% MP)
You are robust. (+10% HP)
Your movements are slightly less encumbered by armour. (ER -2)


Message History

Throw: 7 darts (poison)
Press: ? - help, Q - select action, (/) - cycle Shift-Dir - straight line, f - kobold demonologist, p - soul eater
Aim: a kobold demonologist, wielding a +0 dagger and wearing a +0 robe (moderately wounded, 54% to hit)
You throw a poisoned dart.
The poisoned dart barely misses the kobold demonologist.
The kobold demonologist completely misses you.
The soul eater completely misses you. The rust devil hits you!
The rust devil corrodes you!
Throw: 6 darts (poison)
Press: ? - help, Q - select action, (/) - cycle Shift-Dir - straight line, f/p - kobold demonologist
Aim: a kobold demonologist, wielding a +0 dagger and wearing a +0 robe (moderately wounded, 54% to hit)
You throw a poisoned dart.
The poisoned dart completely misses the kobold demonologist.
The kobold demonologist completely misses you.
The soul eater closely misses you. The rust devil closely misses you.
Throw: 5 darts (poison)
Press: ? - help, Q - select action, (/) - cycle Shift-Dir - straight line, f/p - kobold demonologist
Aim: a kobold demonologist, wielding a +0 dagger and wearing a +0 robe (moderately wounded, 54% to hit)
You throw a poisoned dart.
The poisoned dart barely misses the kobold demonologist.
The kobold demonologist completely misses you.
The soul eater barely misses you. The rust devil closely misses you.
Throw: 4 darts (poison)
Press: ? - help, Q - select action, (/) - cycle Shift-Dir - straight line, f/p - kobold demonologist
Aim: a kobold demonologist, wielding a +0 dagger and wearing a +0 robe (moderately wounded, 54% to hit)
You throw a poisoned dart.
The poisoned dart barely misses the kobold demonologist.
The kobold demonologist gestures wildly while chanting.
The soul eater completely misses you.
Throw: 3 darts (poison)
Press: ? - help, Q - select action, (/) - cycle Shift-Dir - straight line, f/p - kobold demonologist
Aim: a kobold demonologist, wielding a +0 dagger and wearing a +0 robe (moderately wounded, 54% to hit)
You throw a poisoned dart.
The poisoned dart closely misses the kobold demonologist.
The rust devil closely misses you. The sun demon hits you!!
Ouch! That really hurt!
* * * LOW HITPOINT WARNING * * *
You are engulfed in flames!
You die...
Your body crumbles into a pile of gold.

###....♣♣♣ ..# $ $
..#....≈.♣♣♣♣.###+#+###+##$$
..#...≈≈♣♣.♣..#..........#$
..#..≈≈≈≈.♣...'.⌠........#
$$$
#'#..≈≈≈≈≈≈...#...######+#$
$ ..#.≈≈≈≈≈≈....#.⌠.#__#...#
..#.≈≈≈≈≈.....#...#__#...#
..#.≈≈≈....†..#3###__#...#
###...........#.@K#__#...+
..............#43_#__'...#
▓▓▓▓▓▓▓▓▓▓▓▓▓▓▓▓▓▓▓▓▓▓▓▓▓▓ $


You could see a soul eater (summoned), a sun demon (summoned), a rust devil
(summoned) and a kobold demonologist.

Vanquished Creatures
  A shadow (D)
  A water elemental (D)
  A jelly (D)
  Crazy Yiuf (D)
  Jessica (D)
  A wizard (D)
  A human (D)
  2 rats (D)
9 creatures vanquished.

Vanquished Creatures (others)
  5 plants (D)
5 creatures vanquished.

Grand Total: 14 creatures vanquished

Notes
Turn   | Place    | Note
-------+----------+-------------------------------------------
     0 | D        | styxcanada the Spriggan Brigand began the quest for the
                  | Orb.
     0 | D        | Reached XP level 1. HP: 10/10 MP: 2/2
     8 | D        | Reached skill level 6 in Stealth
    14 | D        | Noticed Jessica
    29 | D        | Killed Jessica
    30 | D        | Reached skill level 9 in Stealth
    30 | D        | Reached XP level 2. HP: 6/15 MP: 3/3
   231 | D        | Reached skill level 10 in Stealth
   231 | D        | Reached XP level 3. HP: 19/19 MP: 4/4
   238 | D        | Noticed Crazy Yiuf
   245 | D        | Killed Crazy Yiuf
   246 | D        | Reached skill level 11 in Stealth
   246 | D        | Reached XP level 4. HP: 23/23 MP: 5/5
   260 | D        | Gained mutation: Your magical capacity is low. (-10% MP)
                  | [potion of mutation]
   260 | D        | Gained mutation: Your movements are slightly less
                  | encumbered by armour. (ER -2) [potion of mutation]
   260 | D        | Gained mutation: You are robust. (+10% HP) [potion of
                  | mutation]
   298 | D        | Noticed a water elemental
   301 | D        | Killed a water elemental
   302 | D        | Reached skill level 13 in Stealth
   312 | D        | Noticed a shadow
   314 | D        | Killed a shadow
   315 | D        | Reached skill level 5 in Dodging
   315 | D        | Reached skill level 15 in Stealth
   315 | D        | Reached XP level 5. HP: 31/31 MP: 5/5
   315 | D        | Reached XP level 6. HP: 36/36 MP: 6/6
   319 | D        | Reached skill level 16 in Stealth
   321 | D        | Found a blossoming altar of Fedhas.
   321 | D        | Found a stormy altar of Qazlal.
   321 | D        | Found a snail-covered altar of Cheibriados.
   321 | D        | Found a burning altar of Makhleb.
   321 | D        | Found a shimmering altar of Xom.
   321 | D        | Noticed a spatial vortex
   322 | D        | Found a hazy altar of Hepliaklqana.
   322 | D        | Found an opulent altar of Gozag.
   322 | D        | Found a sparkling altar of Nemelex Xobeh.
   322 | D        | Found a corrupted altar of Lugonu.
   322 | D        | Found a viscous altar of Jiyva.
   326 | D        | Became a worshipper of Gozag Ym Sagoz the Greedy
   357 | D        | Found a radiant altar of Vehumet.
   357 | D        | Found a shimmering blue altar of Sif Muna.
   357 | D        | Found an ancient bone altar of Kikubaaqudgha.
   362 | D        | Noticed a rust devil
   363 | D        | Noticed a soul eater
   368 | D        | Noticed a sun demon
   368 | D        | Mangled by a sun demon

Illustrated notes

Levels and vault maps discovered:
D:        dungeon_sprint_mu [sprint_mu_entry_forest, sprint_mu_temple_rooms,
          sprint_mu_d1_spiders, sprint_mu_d2_genie, sprint_mu_d3_branching,
          sprint_mu_orc_legion, sprint_mu_elf_gauntlet, sprint_mu_hive_nellie,
          sprint_mu_lair_fedhas, sprint_mu_vaults_butterflies,
          sprint_mu_slime_circle, sprint_mu_swamp_cave, sprint_mu_shoals_archi,
          sprint_mu_blade_basic, sprint_mu_crypt_lich, sprint_mu_tomb_spiral,
          sprint_mu_vestibule_basic, sprint_mu_gehenna_hellfire,
          sprint_mu_dis_giant, sprint_mu_tartarus_statrot,
          sprint_mu_cocytus_islands, sprint_mu_zot1]

Skill      XL: |  1  2  3  4  5  6 |
---------------+-------------------+-----
Stealth        | 9 10 11 15 16 | 16.4
Fighting       | 2 3 |  3.9
Dodging        | 2 3 5 6 |  6.0
Throwing       | 3 4 |  4.0
Short Blades   | 3 |  3.2
Spellcasting   | |  0.7

Action                   |  1- 3 |  4- 6 || total
-------------------------+-------+-------++-------
Melee: Dagger            |     8 |     9 ||    17
Throw: Dart              |     6 |     6 ||    12
  Use: Potion            |       |     1 ||     1
 Stab: Sleeping          |     3 |     4 ||     7
Armor: Robe              |       |     1 ||     1
Dodge: Dodged            |     4 |    11 ||    15
